 Dungeon Crawl Stone Soup version 0.31-a0-145-g046c7d2549 (webtiles) character file.

Game seed: 17772366074373826799

1591 Esekla the Covert (level 8, -4/57 HPs)
             Began as an Octopode Delver on June 5, 2023.
             Was an Initiate of Gozag.
             Slain by a kobold brigand
             ... wielding a +0 whip
              (10 damage)
             ... on level 6 of the Dungeon.
             The game lasted 00:29:04 (5197 turns).

Esekla the Covert (Octopode Delver)                 Turns: 5197, Time: 00:29:05

Health: -4/57      AC:  1    Str: 11    XL:     8   Next: 93%
Magic:  13/13      EV: 15    Int: 15    God:    Gozag
Gold:   165        SH:  0    Dex: 19    Spells: 12/13 levels left

rFire   . . .        a - +0 long sword (flame)
rCold   . . .        (no shield)
rNeg    + . .        (helmet restricted)
rPois   .            (no amulet)
rElec   .            o - ring of resist corrosion
rCorr   +            x - +6 ring of dexterity
SInv    .            G - ring of positive energy
Will    .....        (no ring)
Stlth   ++++++       (no ring)
HPRegen 0.29/turn    (no ring)
MPRegen 0.13/turn    (no ring)
                     (no ring)

%: no passive effects
@: no status effects
A: almost no armour, amphibious, 8 rings, camouflage 1, gelatinous body 1,
(nimble swimmer 1), tentacles
a: Renounce Religion, Potion Petition, Call Merchant, Bribe Branch


You were on level 6 of the Dungeon.
You worshipped Gozag.
Gozag was aware of your devotion.
You visited 2 branches of the dungeon, and saw 7 of its levels.
You also visited: Sewer.

You collected 1056 gold pieces.
You spent 168 gold pieces at shops.
You paid 723 gold pieces to Gozag.

Inventory:

Hand Weapons
 a - a +0 long sword of flaming (weapon)
 r - a +0 trident
 s - a +0 dagger
Missiles
 n - 16 poisoned darts (quivered)
 v - 4 javelins
 D - 3 throwing nets
Jewellery
 o - a ring of resist corrosion (left tentacle)
 x - a +6 ring of dexterity (right tentacle)
 G - a ring of positive energy (on tentacle)
Wands
 f - a wand of digging (2)
 m - a wand of flame (6)
Scrolls
 b - 2 scrolls of fog
 c - 2 scrolls of vulnerability {unknown}
 e - 4 scrolls of teleportation {unknown}
 g - 2 scrolls of blinking {unknown}
 l - a scroll of butterflies {unknown}
 p - 2 scrolls of noise {unknown}
 q - a scroll of identify {unknown}
 u - a scroll of immolation {unknown}
 y - a scroll of magic mapping
 z - a scroll of torment {unknown}
 C - a scroll of amnesia {unknown}
 E - a scroll of fear
Potions
 d - 2 potions of berserk rage {unknown}
 h - 4 potions of curing {unknown}
 i - a potion of haste
 j - a potion of mutation {unknown}
 k - 2 potions of heal wounds {unknown}
 t - a potion of enlightenment {unknown}
 w - 2 potions of might {unknown}
 A - 2 potions of ambrosia {unknown}
 B - a potion of brilliance {unknown}
 F - a potion of magic {unknown}


   Skills:
 * Level 5.8 Fighting
 + Level 1.1(3.3) Short Blades
 * Level 5.0(5.1) Long Blades
 + Level 0.2 Throwing
 * Level 4.2 Dodging
 + Level 10.7 Stealth
 * Level 3.4 Spellcasting
 + Level 1.1 Translocations


You had 12 spell levels left.
You knew the following spells:

 Your Spells              Type           Power      Damage    Failure   Level
p - Apportation           Tloc           12%        N/A       12%         1

Your spell library contained the following spells:

 Spells                   Type           Power      Damage    Failure   Level
 Necrotise                Necr           8%         1d4       19%         1
 Summon Small Mammal      Summ           8%         N/A       19%         1
 Cigotuvi's Dreadful Rot  Necr/Pois/Air  4%         N/A       28%         2
 Sublimation of Blood     Necr           2%         N/A       28%         2
 Wereblood                Tmut           2%         N/A       28%         2
 Call Canine Familiar     Summ           2%         N/A       50%         3
 Ignite Poison            Fire/Tmut/Pois 2%         N/A       50%         3
 Summon Guardian Golem    Hex/Summ       2%         N/A       50%         3
 Fireball                 Conj/Fire      1%         3d3       99%         5
 Freezing Cloud           Conj/Ice/Air   1%         6-21      99%         5
 Iskenderun's Battlesphe  Conj           2%         2d6       99%         5
 Conjure Ball Lightning   Conj/Air       1%         3x3d6     100%        6
 Orb of Destruction       Conj           1%         9d5       100%        7
 Summon Hydra             Summ           1%         N/A       100%        7


Dungeon Overview and Level Annotations

Branches:
Dungeon (6/15)             Temple (1/1) D:5           Sewer (visited)

Altars:
Ashenzari
Cheibriados
Gozag
Hepliaklqana
Makhleb
Nemelex Xobeh
Okawaru
Qazlal
Ru
Sif Muna
Trog
Uskayaw
Vehumet
Wu Jian
Xom
Zin
The Shining One

Shops:
D:5 :

Annotations:
D:4 ice beast
Temple 2 transporters


Innate Abilities, Weirdness & Mutations

You cannot wear most types of armour.
You are amphibious.
You can wear up to eight rings at the same time.
Your skin changes colour to match your surroundings (Stealth+).
Your rubbery body absorbs attacks. (AC +1, EV +1)
((You are camouflaged when in or above water. (Stealth+)))
You have tentacles for arms and can constrict up to eight enemies at once.


Message History

The +0 dagger is no longer distracted by gold.
The +0 dagger is distracted by your dazzling golden aura.
This spell is dangerous to cast!
Memorise Wereblood, consuming 2 spell levels and leaving 10?
The +0 hand axe is distracted by your dazzling golden aura.
You start memorising the spell.
You continue memorising.
The kobold brigand throws a poisoned dart.
Your memorisation is interrupted.
The poisoned dart completely misses you.
The +0 dagger is no longer distracted by gold.
The +0 hand axe is no longer distracted by gold.
The +0 hand axe is distracted by your dazzling golden aura.
You miss the kobold brigand. Your grab misses the kobold brigand.
The kobold brigand hits you with a +0 whip.
You hit the kobold brigand. You burn the kobold brigand.
Your grab misses the kobold brigand.
The kobold brigand is moderately wounded.
The +0 hand axe is no longer distracted by gold.
The kobold brigand barely misses you.
You hit the kobold brigand. You burn the kobold brigand.
Your grab misses the kobold brigand.
Your tentacle-slap misses the kobold brigand.
Your squeeze misses the kobold brigand.
The kobold brigand is moderately wounded.
The kobold brigand hits you with a +0 whip!
* * * LOW HITPOINT WARNING * * *
You closely miss the kobold brigand. Your grab misses the kobold brigand.
The kobold brigand is moderately wounded.
The kobold brigand closely misses you.
The kobold brigand hits you with a +0 whip.
* * * LOW HITPOINT WARNING * * *
You miss the kobold brigand. Your grab misses the kobold brigand.
The kobold brigand is moderately wounded.
The kobold brigand closely misses you.
You hit the kobold brigand. You burn the kobold brigand.
Your grab misses the kobold brigand. You squeeze the kobold brigand.
The kobold brigand is almost dead.
The kobold brigand hits you with a +0 whip!
You die...
Your body crumbles into a pile of gold.

#..........'.$K.K.# ##.
...#.......##.....# ##.
.####......# #....# #..
.##.#......## ##### #..
.#.........$#### #..
....##....K$K..# #############..
..###...<......####..............
..#.........o..#.................
..#...##......##@................
.....#####.....$K................
....## ##..#...............##....
...## #...#.........#####.##....
..## #..............#.#........
..# ##.#####.#................
.## #.#.((#......####.##....# ##
#.#...#.#.)....####....##
#.#####.#.)....###....##.


You could see a kobold brigand and 2 dancing weapons.

Vanquished Creatures
  Maggie (D:6)
  A water moccasin (Sewer)
  An orc warrior (D:6)
  A black bear (D:5)
  A centaur (D:4)
  2 kobold brigands (D:6)
  A bullfrog (D:6)
  A gnoll sergeant (D:6)
  4 scorpions
  A hound (D:6)
  3 iguanas
  A sleepcap (D:4)
  Jessica (D:3)
  An orc wizard (D:6)
  5 gnolls (D:6)
  13 adders
  An ufetubus (D:5)
  2 worms (D:2)
  2 dart slugs (D:1)
  7 orcs
  6 endoplasms
  7 giant cockroaches
  3 goblins
  9 hobgoblins
  4 jackals
  2 quokkas (D:1)
  7 ball pythons
  5 bats
  3 frilled lizards
  5 kobolds
  6 rats
107 creatures vanquished.

Vanquished Creatures (others)
  2 scorpions (D:5)
  A gnoll bouda (D:5)
  3 orcs (D:5)
6 creatures vanquished.

Grand Total: 113 creatures vanquished

Notes
Turn   | Place    | Note
-------+----------+-------------------------------------------
     0 | D:5      | Esekla the Octopode Delver began the quest for the Orb.
     0 | D:5      | Reached XP level 1. HP: 16/16 MP: 1/1
    25 | D:5      | Found a shimmering altar of Xom.
    25 | D:5      | Noticed a gnoll bouda
    25 | D:5      | Noticed an iguana
    26 | D:5      | Noticed a scorpion
    26 | D:5      | Noticed an ice beast
    26 | D:5      | Noticed a scorpion
    30 | D:5      | Killed a gnoll bouda
    69 | D:5      | Noticed an iguana
    70 | D:5      | Found a staircase to the Ecumenical Temple.
    76 | D:5      | Killed a scorpion
    77 | Temple   | Entered the Ecumenical Temple
    77 | Temple   | Found a transporter.
    77 | Temple   | Found a transporter.
    79 | Temple   | Found a transporter.
    79 | Temple   | Found a transporter.
   103 | D:5      | Noticed a scorpion
   107 | D:5      | Noticed a scorpion
   137 | Temple   | Became a worshipper of Gozag Ym Sagoz the Greedy
   163 | D:5      | Killed an iguana
   164 | D:5      | Reached skill level 7 in Stealth
   164 | D:5      | Reached XP level 2. HP: 4/21 MP: 2/2
   164 | D:5      | Reached XP level 3. HP: 6/26 MP: 3/3
   235 | D:5      | Killed a scorpion
   263 | D:5      | Found a glowing drain.
   304 | Sewer    | Entered a sewer
   366 | Sewer    | Noticed a water moccasin
   402 | Sewer    | Killed a water moccasin
   403 | Sewer    | Reached skill level 8 in Stealth
   403 | Sewer    | Reached skill level 1 in Spellcasting
   403 | Sewer    | Reached XP level 4. HP: 31/31 MP: 4/6
   403 | Sewer    | Reached XP level 5. HP: 36/36 MP: 4/7
  1233 | D:1      | Found a faded altar of an unknown god.
  2151 | D:2      | Reached XP level 6. HP: 43/43 MP: 8/8
  2331 | D:3      | Noticed Jessica
  2334 | D:3      | Killed Jessica
  3151 | D:4      | Reached skill level 9 in Stealth
  3429 | D:5      | Reached XP level 7. HP: 48/48 MP: 8/10
  4078 | D:5      | Bought a book of Cantrips for 168 gold pieces
  4080 | D:5      | Learned a level 1 spell: Apportation
  4343 | D:6      | Noticed Maggie
  4352 | D:6      | Reached skill level 1 in Short Blades
  4355 | D:6      | Killed Maggie
  4356 | D:6      | Reached skill level 5 in Fighting
  4356 | D:6      | Reached skill level 10 in Stealth
  4356 | D:6      | Reached XP level 8. HP: 42/55 MP: 10/12
  4621 | D:6      | Identified the +7 whip "Vywiut" {drain, *Noise rPois Str+5
                  | Int-2}
  4846 | D:6      | Noticed a +0 dagger
  4847 | D:6      | Noticed a +0 hand axe
  4850 | D:6      | Found a hide-covered altar of Uskayaw.
  4922 | D:6      | HP: 2/55 [gnoll sergeant/+0 trident (11)]
  5176 | D:6      | Reached skill level 1 in Translocations
  5180 | D:6      | Reached skill level 5 in Long Blades
  5197 | D:6      | Slain by a kobold brigand

Illustrated notes

Levels and vault maps discovered:
D:1:      psy_arrival_radial01, layout_basic,
          hellmonk_ecumenical_altar_pennies_from_heaven,
          nicolae_figureground_sparkle
D:2:      layout_basic, minmay_pentomino_o4
D:3:      layout_basic, hangedman_decor_points, uniq_jessica
D:4:      layout_loops_ring, roderic_serpentine_path
D:5:      layout_loops_cross, xom_confusion_cloud, minmay_temple_entry_slanted,
          portal_sewer_entry_c
D:6:      cheibrodos_fertilizer, layout_cave_pools, dancing_weapons_uskayaw,
          serial_column_ruins, column_ruins_hut, column_ruins_hut,
          column_ruins_open_tiny, column_ruins_open_small, column_ruins_grid_1,
          column_ruins_grid_1, column_ruins_open_medium_water,
          column_ruins_corridor_straight, kennysheep_small_circle, uniq_maggie
Temple:   hellmonk_temple_divided_pantheon

Skill      XL: |  1  2  3  4  5  6  7  8 |
---------------+-------------------------+-----
Stealth        | 7 8 9 10 | 10.7
Spellcasting   | 1 2 3 |  3.4
Long Blades    | 3 4 5 |  5.0
Fighting       | 4 5 |  5.8
Dodging        | 3 4 |  4.2
Short Blades   | 1 |  1.1
Translocations | 1 |  1.1
Throwing       | |  0.2

Action                     |  1- 3 |  4- 6 |  7- 9 || total
---------------------------+-------+-------+-------++-------
  Melee: Falchion          |    23 |    42 |    14 ||    79
         Constrict         |     5 |    11 |    19 ||    35
         Tentacles         |     2 |     5 |    19 ||    26
         Dagger            |     1 |    47 |    13 ||    61
         Punch             |       |     2 |     4 ||     6
         Long sword        |       |       |    53 ||    53
  Throw: Dart              |       |       |     3 ||     3
   Cast: Apportation       |       |       |     6 ||     6
 Invoke: Call Merchant     |       |       |     1 ||     1
  Evoke: Wand              |     1 |       |       ||     1
    Use: Scroll            |     2 |       |       ||     2
         Potion            |     1 |       |     2 ||     3
   Stab: Sleeping          |     1 |    39 |    10 ||    50
 Armour: Skin              |       |     7 |     6 ||    13
  Dodge: Dodged            |    14 |    36 |    56 ||   106

Table legend: (Time is in decaauts)
 A = Elapsed time spent in this place.
 B = Non-inter-level travel time spent in this place.
 C = Inter-level travel time spent in this place.
 D = Time resting spent in this place.
 E = Time spent auto-exploring this place.
 F = Levels seen in this place.
 G = Mean time per level.
                   A        B        C        D        E       F      G
               +--------+--------+--------+--------+--------+-----+--------+
         Total |   5133 |   4906 |    227 |    586 |   1600 |   8 |  641.6 |
       Dungeon |   4948 |   4721 |    227 |    586 |   1600 |   6 |  824.7 |
        Temple |     48 |     48 |      0 |      0 |      0 |   1 |   48.0 |
         Sewer |    136 |    136 |      0 |      0 |      0 |   1 |  136.0 |
               +--------+--------+--------+--------+--------+-----+--------+

Top non-repeatable levels by time:
     D:5: 1120 daAuts
     D:1: 923 daAuts
     D:6: 904 daAuts
     D:4: 773 daAuts
     D:3: 750 daAuts
     D:2: 475 daAuts
   Sewer: 136 daAuts
  Temple: 48 daAuts
